 Dungeon Crawl Stone Soup version 0.22.1-2-g9c5b331 (webtiles) character file.

644 Fang the Chopper (level 7, -4/66 HPs)
             Began as a Gargoyle Berserker on Dec 11, 2018.
             Was a Believer of Trog.
             Slain by a yak (13 damage)
             ... on level 5 of the Dungeon.
             The game lasted 00:07:10 (3173 turns).

Fang the Chopper (Gargoyle Berserker)               Turns: 3173, Time: 00:07:10

Health: -4/66      AC:  8    Str: 28    XL:     7   Next: 52%
Magic:  16/16      EV: 12    Int:  7    God:    Trog [**....]
Gold:   208        SH:  0    Dex:  9    Spells: 6/6 levels left

rFire    . . .     SeeInvis .   p - +0 war axe
rCold    . . .     Gourm    .   (no shield)
rNeg     + . .     Faith    .   h - +0 leather armour
rPois    ∞         Spirit   .   (no helmet)
rElec    +         Reflect  .   (no cloak)
rCorr    .         Harm     .   (no gloves)
MR       .....                  (no boots)
Stlth    ..........             (no amulet)
HPRegen  0.21/turn              s - ring of magical power
MPRegen  0.15/turn              (no ring)

@: berserking (expiring), very quick
A: negative energy resistance 1, electricity resistance, unbreathing,
petrification resistance, rot immunity, AC +4
a: Berserk, Trog's Hand, Renounce Religion


You were on level 5 of the Dungeon.
You worshipped Trog.
Trog was pleased with you.
You were hungry.

You visited 2 branches of the dungeon, and saw 6 of its levels.

You collected 208 gold pieces.

Inventory:

Hand Weapons
 p - a +0 war axe (weapon)
Armour
 h - a +0 leather armour (worn)
Jewellery
 s - a ring of magical power (left hand)
Scrolls
 a - a scroll of magic mapping {unknown}
 b - a scroll of fog {unknown}
 e - 6 scrolls of identify {unknown}
 f - 3 scrolls of remove curse {unknown}
 i - a scroll of noise {unknown}
 j - a scroll of teleportation {unknown}
 q - a scroll of random uselessness {unknown}
Potions
 d - a potion of mutation {unknown}
 g - a potion of curing {unknown}
 k - a potion of might {unknown}
 l - 3 potions of cancellation {unknown}
 m - 2 potions of heal wounds {unknown}
 n - a potion of ambrosia {unknown}
 o - a potion of agility {unknown}
Comestibles
 c - 5 rations


   Skills:
 + Level 5.2 Fighting
 + Level 5.7 Axes
 + Level 3.3 Armour
 + Level 3.1 Dodging
 + Level 0.8 Stealth


You had 6 spell levels left.
You didn't know any spells.
Your spell library was empty.

Dungeon Overview and Level Annotations

Branches:
Dungeon (5/15)             Temple (1/1) D:4

Altars:
Qazlal
Trog
Yredelemnul

Shops:
D:4 !


Innate Abilities, Weirdness & Mutations

You are resistant to torment.
Your stone body is resilient. (AC +4)
You are immune to poison.
You resist negative energy. (rN+)
You are resistant to electric shocks. (rElec)
You can survive without breathing.
You are immune to petrification.
You are immune to rotting.


Message History

Unknown command.
You slice the yak!!
You kill the yak!
Trog accepts your kill.
You slash the yak! You barely miss the yak. You hit the yak.
The yak barely misses you. The yak gores you.
Unknown command.
You slash the yak!
The yak is heavily wounded.
You slash the yak! x2; The yak closely misses you.
The yak gores you! x2
* * * LOW HITPOINT WARNING * * *
Unknown command.
You slash the yak!
The yak is almost dead.
You hit the yak. You slash the yak! You hit the yak.
A worker ant comes into view.
The yak gores you.
* * * LOW HITPOINT WARNING * * *
The yak gores you!
You die...

# #####.#.#
####.Y......
#...@Yor.#
#.##YY......
#.##.......(
#.##..####..
#.##..# .
#.##..#
#.##..#
#.##..a #.#


You could see 4 yaks, a worker ant (wandering), an orc and a quokka.

Vanquished Creatures
  The ghost of ashizen the Skirmisher, an amateur OgAM (D:3)
  A yak (D:5)
  A bullfrog (D:3)
  A bullfrog zombie (D:4)
  A jelly (D:5)
  A bullfrog skeleton (D:4)
  Terence (D:3)
  2 iguanas (D:4)
  Robin (D:4)
  3 adders
  A shadow imp (D:5)
  An ooze (D:1)
  A worm (D:4)
  2 dart slugs
  A leopard gecko (D:3)
  4 orcs (D:3)
  A ball python (D:3)
  4 giant cockroaches
  A gnoll zombie (D:3)
  15 goblins
  8 hobgoblins
  2 quokkas (D:2)
  12 bats
  A frilled lizard (D:3)
  A jackal skeleton (D:4)
  4 kobolds
  8 rats
80 creatures vanquished.

Notes
Turn   | Place    | Note
-------+----------+-------------------------------------------
     0 | D:1      | Fang the Gargoyle Berserker began the quest for the Orb.
     0 | D:1      | Reached XP level 1. HP: 14/14 MP: 1/1
    47 | D:1      | Reached XP level 2. HP: 14/19 MP: 2/2
   530 | D:1      | Reached XP level 3. HP: 24/24 MP: 3/3
  1531 | D:3      | Found a basalt altar of Yredelemnul.
  1585 | D:3      | Noticed a bullfrog
  1594 | D:3      | Reached XP level 4. HP: 22/29 MP: 4/4
  1596 | D:3      | Killed a bullfrog
  1596 | D:3      | Reached XP level 5. HP: 26/34 MP: 5/5
  1607 | D:3      | Reached ** piety under Trog
  2173 | D:3      | Found a large runed door.
  2173 | D:3      | Found a large runed door.
  2175 | D:3      | Noticed ashizen's ghost (amateur OgAM)
  2188 | D:3      | Noticed Terence
  2195 | D:3      | Killed Terence
  2310 | D:3      | Killed ashizen's ghost
  2310 | D:3      | Reached XP level 6. HP: 40/40 MP: 6/6
  2452 | D:4      | Noticed Robin
  2469 | D:4      | Killed Robin
  2469 | D:4      | Reached skill level 5 in Axes
  2545 | D:4      | Reached *** piety under Trog
  2554 | D:4      | Found a staircase to the Ecumenical Temple.
  2573 | Temple   | Entered the Ecumenical Temple
  2698 | D:4      | Found Efoisies's Distillery.
  2714 | D:4      | Reached XP level 7. HP: 42/44 MP: 7/7
  2904 | D:4      | Reached skill level 5 in Fighting
  3000 | D:5      | Entered Level 5 of the Dungeon
  3081 | D:5      | Found a bloodstained altar of Trog.
  3091 | D:5      | Found a stormy altar of Qazlal.
  3163 | D:5      | Noticed a yak
  3163 | D:5      | Noticed a yak
  3164 | D:5      | Noticed a yak
  3165 | D:5      | Noticed a yak
  3165 | D:5      | Noticed a yak
  3171 | D:5      | Killed a yak
  3173 | D:5      | Slain by a yak

Skill      XL: |  1  2  3  4  5  6  7 |
---------------+----------------------+-----
Axes           | 3 4 5 |  5.7
Fighting       | 4 5 |  5.2
Dodging        | 2 3 |  3.1
Armour         | 3 |  3.3
Stealth        | |  0.8

Action                   |  1- 3 |  4- 6 |  7- 9 || total
-------------------------+-------+-------+-------++-------
Melee: Hand axe          |   132 |    60 |       ||   192
       War axe           |       |    61 |    30 ||    91
Invok: Berserk           |     1 |     2 |     1 ||     4
  Eat: Chunk             |     1 |     4 |     2 ||     7
       Ration            |     1 |       |       ||     1
Armor: Animal skin       |    24 |       |       ||    24
       Leather armour    |    43 |    43 |     9 ||    95
Dodge: Dodged            |   117 |    84 |    17 ||   218
